 Dungeon Crawl Stone Soup version 0.28.0-43-g3370ac3207 (webtiles) character file.

Game seed: 11468449362197149660

1459 Ablot the Grasshopper (level 8, -4/59 (64) HPs)
             Began as a Gnoll Warper on Mar 23, 2022.
             Was a Follower of Okawaru.
             Slain by a wight
             ... wielding a +2 mace of freezing
              (5 damage)
             ... on level 5 of the Dungeon.
             The game lasted 00:12:01 (6938 turns).

Ablot the Grasshopper (Gnoll Warper)                Turns: 6938, Time: 00:12:02

HP:   -4/59 (64)    AC:  8    Str: 13    XL:     8   Next: 76%
MP:   16/17         EV: 13    Int: 12    God:    Okawaru [*.....]
Gold: 208           SH:  0    Dex: 12    Spells: 15/19 levels left

rFire   . . .      SeeInvis .   h - +1 whip (elec)
rCold   . . .      Faith    .   (no shield)
rNeg    . . .      Spirit   .   b - +0 leather armour
rPois   .          Reflect  .   B - +1 hat
rElec   .          Harm     .   (no cloak)
rCorr   .          Rampage  .   i - +0 pair of gloves
Will    .....                   F - +1 pair of boots {Fly}
Stlth   ++........              (no amulet)
HPRegen 0.19/turn               E - ring of ice
MPRegen 0.15/turn               D - ring of fire

@: flying, drained
A: fangs 1, strong nose, distributed training
a: Renounce Religion, Heroism


You were on level 5 of the Dungeon.
You worshipped Okawaru.
Okawaru was aware of your devotion.
You visited 2 branches of the dungeon, and saw 7 of its levels.

You collected 247 gold pieces.
You spent 39 gold pieces at shops.

Inventory:

Hand Weapons
 a - a +0 trident
 h - a +1 whip of electrocution (weapon)
 A - a +2 dagger of venom
Missiles
 d - 5 boomerangs of dispersal
 g - 162 stones
 j - 5 poisoned darts
 l - 121 arrows
 r - 34 sling bullets
 s - 2 boomerangs (quivered)
 w - 9 javelins
 x - 45 bolts
 K - 6 atropa-tipped darts
Armour
 b - a +0 leather armour (worn)
 i - a +0 pair of gloves (worn)
 B - a +1 hat (worn)
 F - a +1 pair of boots of flying (worn)
Jewellery
 D - a ring of fire (right hand)
 E - a ring of ice (left hand)
Wands
 v - a wand of flame (15)
 C - a wand of iceblast (9)
Scrolls
 c - 3 scrolls of blinking
 k - a scroll of silence {unknown}
 m - 3 scrolls of teleportation {unknown}
 o - 6 scrolls of identify
 t - 2 scrolls of enchant weapon {unknown}
 y - a scroll of fog {unknown}
 G - a scroll of enchant armour {unknown}
 I - 2 scrolls of magic mapping {unknown}
Potions
 e - 5 potions of curing
 f - a potion of haste {unknown}
 n - 2 potions of berserk rage
 p - a potion of degeneration {unknown}
 q - a potion of invisibility {unknown}
 u - a potion of mutation {unknown}
 z - 2 potions of heal wounds
 H - 2 potions of attraction {unknown}
 J - a potion of resistance {unknown}


   Skills:
 + Level 5.8 Fighting
 + Level 3.5 Short Blades
 + Level 3.5 Long Blades
 + Level 3.5 Axes
 + Level 3.5 Maces & Flails
 + Level 5.8 Polearms
 + Level 3.5 Staves
 + Level 3.5 Slings
 + Level 3.5 Bows
 + Level 3.5 Crossbows
 + Level 4.4 Throwing
 + Level 4.4 Armour
 + Level 5.8 Dodging
 + Level 3.5 Stealth
 + Level 3.5 Shields
 + Level 3.5 Unarmed Combat
 + Level 6.2 Spellcasting
 + Level 2.9 Conjurations
 + Level 2.9 Hexes
 + Level 2.9 Summonings
 + Level 2.9 Necromancy
 + Level 6.2 Translocations
 + Level 2.9 Transmutations
 + Level 2.9 Fire Magic
 + Level 2.9 Ice Magic
 + Level 2.9 Air Magic
 + Level 2.9 Earth Magic
 + Level 2.9 Poison Magic
 + Level 3.9 Invocations
 + Level 3.5 Evocations


You had 15 spell levels left.
You knew the following spells:

 Your Spells              Type           Power      Damage    Failure   Level
a - Blink                 Tloc           36%        N/A       2%          2
b - Ensorcelled Hibernat  Hex/Ice        32%        N/A       10%         2

Your spell library contained the following spells:

 Spells                   Type           Power      Damage    Failure   Level
 Gell's Gravitas          Tloc           18%        N/A       4%          3
 Lesser Beckoning         Tloc           18%        N/A       4%          3
 Teleport Other           Tloc           18%        N/A       4%          3
 Magic Dart               Conj           40%        1d5       7%          1
 Pain                     Necr           40%        1d6       7%          1
 Shock                    Conj/Air       40%        1d5       7%          1
 Portal Projectile        Hex/Tloc       28%        N/A       10%         3
 Dazzling Flash           Conj/Hex       20%        N/A       21%         3
 Mephitic Cloud           Conj/Pois/Air  10%        N/A       21%         3
 Spider Form              Tmut/Pois      10%        N/A       21%         3
 Swiftness                Air            10%        N/A       21%         3
 Vampiric Draining        Necr           10%        2d6       21%         3
 Iskenderun's Mystic Bla  Conj/Tloc      14%        2d5       32%         4
 Manifold Assault         Tloc           18%        N/A       43%         5
 Airstrike                Air            5%         N/A       54%         4
 Anguish                  Hex/Necr       5%         N/A       54%         4
 Leda's Liquefaction      Hex/Erth       5%         N/A       54%         4
 Starburst                Conj/Fire      8%         6d4       100%        6
 Storm Form               Tmut/Air       5%         N/A       100%        7
 Animate Skeleton         Necr           Unusable   N/A       N/A         1
 Call Imp                 Summ           Unusable   N/A       N/A         2
 Call Canine Familiar     Summ           Unusable   N/A       N/A         3

Dungeon Overview and Level Annotations

Branches:
Dungeon (6/15)             Temple (1/1) D:4

Altars:
Ashenzari
Cheibriados
Dithmenos
Elyvilon
Fedhas
Gozag
Kikubaaqudgha
Nemelex Xobeh
Okawaru
Qazlal
Ru
Sif Muna
Trog
Uskayaw
Vehumet
Wu Jian
Xom
Yredelemnul
The Shining One

Shops:
D:2 (?=([   D:4 :(:!


Innate Abilities, Weirdness & Mutations

You have very sharp teeth.
Your uncanny sense of smell can sniff out nearby items.
Your experience applies equally to all skills.


Message History

* * * LOW HITPOINT WARNING * * *
You feel drained.
Unknown command.
There is an open door here.
You feel stable enough to blink again.
You hit the wight but do no damage. You punch the wight, but do no damage.
The wight hits you with a +2 mace of freezing.
* * * LOW HITPOINT WARNING * * *
You feel drained.
* * * LOW HITPOINT WARNING * * *
The wight freezes you.
* * * LOW HITPOINT WARNING * * *
Casting: Blink (safe; 2% risk of failure)
Confirm with . or Enter, or press ? or * to list all spells.
You blink.
Throw: 2 boomerangs
Press: ? - help, Q - select action, (/) - cycle Shift-Dir - straight line, f - wight
Aim: a wight, wielding a +2 mace of freezing and wearing a +0 robe (62% to hit)
You throw a boomerang.
The boomerang hits the wight but does no damage.
Unknown command.
Throw: 2 boomerangs
Press: ? - help, Q - select action, (/) - cycle Shift-Dir - straight line, f/p - wight
Aim: a wight, wielding a +2 mace of freezing and wearing a +0 robe (62% to hit)
You throw a boomerang. The boomerang hits the wight!
The wight is heavily damaged.
Unknown command.
You feel stable enough to blink again.
Throw: 2 boomerangs
Press: ? - help, Q - select action, (/) - cycle Shift-Dir - straight line, f/p - wight
Aim: a wight, wielding a +2 mace of freezing and wearing a +0 robe (heavily damaged, 62% to hit)
You throw a boomerang.
The boomerang hits the wight but does no damage.
The wight is heavily damaged.
You hit the wight.
The wight is heavily damaged.
The wight hits you with a +2 mace of freezing!
* * * LOW HITPOINT WARNING * * *
The wight freezes you.
You die...

#..###.##........#######..#######
..###..#.........)...# #.........
..##...##......z.###.# #......)##
.##..#.##....)...###.# ###.#####
.##_#......#####z#...# #.....#
.##..#.##..# #.#)### ####.##
.###....#.## #.#...# #.#
...##...#)# #z#.### #.#
...##..##.# #@#.##########.#
....###...# #.#............#
#....##.#.# #.#..###########
##....)...# #.#.....# ##.....###
#[#<..#.# ####### #.#####.#
#.......# #########


You could see 3 wights.

Vanquished Creatures
  A yak (D:5)
  An ice beast (D:5)
  2 ogres
  A necrophage (D:5)
  2 centaurs (D:5)
  3 scorpions
  A wight (D:5)
  A bullfrog zombie (D:4)
  3 hounds
  2 bullfrog skeletons
  A gnoll shaman (Temple)
  A centaur skeleton (D:4)
  Jessica (D:2)
  An iguana (D:5)
  A scorpion zombie (D:5)
  An orc wizard (D:5)
  7 gnolls
  9 adders
  A white imp (D:5)
  An ufetubus (D:3)
  An adder skeleton (D:4)
  A worm (D:3)
  A dart slug (D:1)
  14 orcs
  8 ball pythons
  8 endoplasms
  2 giant cockroaches (D:3)
  5 goblins
  4 hobgoblins
  5 jackals
  2 quokkas
  4 bats
  4 frilled lizards
  9 kobolds
  6 rats
115 creatures vanquished.

Vanquished Creatures (others)
  An orc (D:4)
1 creature vanquished.

Grand Total: 116 creatures vanquished

Notes
Turn   | Place    | Note
-------+----------+-------------------------------------------
     0 | D:1      | Ablot the Gnoll Warper began the quest for the Orb.
     0 | D:1      | Reached XP level 1. HP: 20/20 MP: 6/6
   180 | D:1      | Reached XP level 2. HP: 22/26 MP: 7/7
   183 | D:1      | Learned a level 2 spell: Blink
   686 | D:1      | Reached XP level 3. HP: 3/31 MP: 9/9
  1171 | D:1      | Reached skill level 5 in Spellcasting
  1244 | D:1      | Found a faded altar of an unknown god.
  1482 | D:2      | Found Qutzokov's Antique Armour Shop.
  1485 | D:2      | Reached skill level 1 in Invocations
  1493 | D:2      | Reached skill level 1 in Short Blades
  1493 | D:2      | Reached skill level 1 in Long Blades
  1493 | D:2      | Reached skill level 1 in Axes
  1493 | D:2      | Reached skill level 1 in Maces & Flails
  1493 | D:2      | Reached skill level 1 in Staves
  1493 | D:2      | Reached skill level 1 in Slings
  1493 | D:2      | Reached skill level 1 in Bows
  1493 | D:2      | Reached skill level 1 in Crossbows
  1493 | D:2      | Reached skill level 1 in Stealth
  1493 | D:2      | Reached skill level 1 in Shields
  1493 | D:2      | Reached skill level 1 in Unarmed Combat
  1493 | D:2      | Reached skill level 1 in Evocations
  1493 | D:2      | Reached XP level 4. HP: 37/38 MP: 11/11
  1925 | D:2      | Found Kirag's Magic Scroll Shoppe.
  1935 | D:2      | Found Fosomev's Weapon Emporium.
  1940 | D:2      | Bought a scroll of noise for 13 gold pieces
  1940 | D:2      | Bought a scroll of identify for 26 gold pieces
  1965 | D:2      | Noticed Jessica
  1975 | D:2      | Killed Jessica
  1976 | D:2      | Reached skill level 1 in Conjurations
  1976 | D:2      | Reached skill level 1 in Hexes
  1976 | D:2      | Reached skill level 1 in Summonings
  1976 | D:2      | Reached skill level 1 in Necromancy
  1976 | D:2      | Reached skill level 1 in Transmutations
  1976 | D:2      | Reached skill level 1 in Fire Magic
  1976 | D:2      | Reached skill level 1 in Ice Magic
  1976 | D:2      | Reached skill level 1 in Air Magic
  1976 | D:2      | Reached skill level 1 in Earth Magic
  1976 | D:2      | Reached skill level 1 in Poison Magic
  2104 | D:2      | Found a white marble altar of Elyvilon.
  2112 | D:2      | Found Gusm's Jewellery Emporium.
  2119 | D:2      | Became a worshipper of Elyvilon the Healer
  2154 | D:2      | Reached XP level 5. HP: 42/43 MP: 12/12
  2183 | D:2      | Found Mabrus's Weapon Shoppe.
  3303 | D:4      | Reached * piety under Elyvilon
  3388 | D:4      | Noticed an ogre
  3751 | D:4      | Killed an ogre
  3752 | D:4      | Reached skill level 5 in Fighting
  3752 | D:4      | Reached skill level 5 in Polearms
  3752 | D:4      | Reached skill level 5 in Dodging
  3752 | D:4      | Reached XP level 6. HP: 51/51 MP: 14/14
  4031 | D:4      | Reached XP level 7. HP: 47/56 MP: 15/15
  4185 | D:4      | Found a staircase to the Ecumenical Temple.
  4214 | Temple   | Entered the Ecumenical Temple
  4534 | Temple   | Fell from the grace of Elyvilon
  4534 | Temple   | Became a worshipper of Warmaster Okawaru
  4752 | D:4      | Found Wininac's Antique Weapon Emporium.
  4756 | D:4      | Found Ucwopew's Distillery.
  4756 | D:4      | Found Rammeseu's Book Emporium.
  4757 | D:4      | Found Diegerig's Book Emporium.
  4857 | D:4      | Found a shimmering altar of Xom.
  5217 | D:5      | Entered Level 5 of the Dungeon
  5307 | D:5      | Reached XP level 8. HP: 25/63 MP: 16/16
  5525 | D:5      | Reached * piety under Okawaru
  5779 | D:5      | Noticed a yak
  5807 | D:5      | Killed a yak
  6040 | D:5      | Found a stormy altar of Qazlal.
  6070 | D:5      | Found a hide-covered altar of Uskayaw.
  6170 | D:5      | Found a bloodstained altar of Trog.
  6187 | D:5      | Learned a level 2 spell: Ensorcelled Hibernation
  6938 | D:5      | HP: 1/59 [wight/+2 mace of freezing (10)]
  6938 | D:5      | Slain by a wight

Illustrated notes

Levels and vault maps discovered:
D:1:      minmay_arrival_doors, layout_basic,
          hellmonk_ecumenical_altar_leap_of_faith, st_stairs_12
D:2:      layout_rooms, serial_shops, nicolae_diamond_shop,
          nicolae_shop_hallway_stairs, nicolae_shop_behind_doors,
          nicolae_square_shop, nicolae_shop_behind_doors, basic_altar,
          uniq_jessica
D:3:      layout_basic
D:4:      layout_loops_ring, tgw_xom, minmay_temple_entry_arrows,
          minmay_shop_grid_forest, minmay_diced_spiral
D:5:      layout_basic, nicolae_qazlal_scattered_showers, amcnicky_altar_gilded,
          minmay_ruined_shrine
D:6:      layout_basic, trog_ov_bears_minmay, serial_shops,
          nicolae_shop_overgrown_old_shop, nicolae_shop_trees,
          nicolae_diamond_shop, shop
Temple:   regret_index_temple_waves

Skill      XL: |  1  2  3  4  5  6  7  8 |
---------------+-------------------------+-----
Spellcasting   | 5 6 |  6.2
Invocations    | 1 2 3 |  3.9
Short Blades   | 1 2 3 |  3.5
Long Blades    | 1 2 3 |  3.5
Axes           | 1 2 3 |  3.5
Maces & Flails | 1 2 3 |  3.5
Staves         | 1 2 3 |  3.5
Slings         | 1 2 3 |  3.5
Bows           | 1 2 3 |  3.5
Crossbows      | 1 2 3 |  3.5
Stealth        | 1 2 3 |  3.5
Shields        | 1 2 3 |  3.5
Unarmed Combat | 1 2 3 |  3.5
Evocations     | 1 2 3 |  3.5
Conjurations   | 1 2 |  2.9
Hexes          | 1 2 |  2.9
Summonings     | 1 2 |  2.9
Necromancy     | 1 2 |  2.9
Transmutations | 1 2 |  2.9
Fire Magic     | 1 2 |  2.9
Ice Magic      | 1 2 |  2.9
Air Magic      | 1 2 |  2.9
Earth Magic    | 1 2 |  2.9
Poison Magic   | 1 2 |  2.9
Throwing       | 3 4 |  4.4
Armour         | 3 4 |  4.4
Fighting       | 5 |  5.8
Polearms       | 5 |  5.8
Dodging        | 5 |  5.8
Translocations | 6 |  6.2

Action                   |  1- 3 |  4- 6 |  7- 9 || total
-------------------------+-------+-------+-------++-------
Melee: Spear             |    21 |       |       ||    21
       Whip              |    57 |   176 |    45 ||   278
       Bite              |       |    15 |    35 ||    50
       Punch             |       |     3 |     4 ||     7
       Dagger            |       |     5 |   145 ||   150
Throw: Dart              |       |    10 |     5 ||    15
       Boomerang         |       |       |     3 ||     3
 Cast: Blink             |       |       |     2 ||     2
  Use: Scroll            |       |     3 |       ||     3
 Stab: Sleeping          |       |       |     2 ||     2
Armor: Leather armour    |    20 |    59 |    55 ||   134
Dodge: Dodged            |    49 |   175 |   106 ||   330
